 Dungeon Crawl Stone Soup version 0.30.1-3-gfc49f6343a (webtiles) character file.

Game seed: 10270258766268334853

316 InterDimensionalOwl the Trooper (level 6, -1/56 HPs)
             Began as a Hill Orc Fighter on Aug 1, 2023.
             Slain by a gnoll bouda
             ... wielding a +0 whip of pain
              (3 damage)
             ... on level 5 of the Dungeon.
             The game lasted 00:38:04 (3042 turns).

InterDimensionalOwl the Trooper (Hill Orc Fighter)  Turns: 3042, Time: 00:38:05

Health: -1/56      AC: 12    Str: 19    XL:     6   Next: 44%
Magic:  0/6        EV:  7    Int: 14    God:
Gold:   264        SH:  5    Dex: 12    Spells: 5/5 levels left

rFire   + . .        h - +10 consecrated labrys {holy, Valiant Fragile Fly SInv}
rCold   + . .        c - +0 buckler
rNeg    . . .        t - +0 chain mail
rPois   +            b - +0 helmet
rElec   +            (no cloak)
rCorr   +            i - +0 pair of gloves
SInv    +            (no boots)
Will    .....        m - amulet of guardian spirit Stlth
                     j - +6 ring of intelligence
HPRegen 0.29/turn    (no ring)
MPRegen 0.10/turn

%: guardian spirit
@: mighty, resistant, flying
A: no striking features
a: no special abilities


You were on level 5 of the Dungeon.
You visited 1 branch of the dungeon, and saw 6 of its levels.

You collected 264 gold pieces.

Inventory:

Hand Weapons
 h - the +10 consecrated labrys (weapon) {holy, Valiant Fragile Fly SInv}
   (You acquired it on level 3 of the Dungeon)

   Valiant:   It becomes more powerful as more dangerous foes come into view.
   SInv:      It lets you see invisible.
   Fly:       It grants you flight.
   Fragile:   It will be destroyed if unequipped.
Missiles
 g - 4 silver javelins (quivered)
Armour
 b - a +0 helmet (worn)
 c - a +0 buckler (worn)
 i - a +0 pair of gloves (worn)
 t - a +0 chain mail (worn)
Jewellery
 j - a +6 ring of intelligence (left hand)
 m - an amulet of guardian spirit (around neck)
Wands
 l - a wand of charming (4)
Scrolls
 a - a scroll of teleportation
 e - a scroll of identify
 f - 2 scrolls of blinking
 k - a scroll of acquirement
 s - a scroll of magic mapping
Potions
 d - 2 potions of might
 q - a potion of attraction {unknown}
 r - a potion of cancellation


   Skills:
 + Level 5.5 Fighting
 + Level 5.1 Axes
 + Level 4.9 Armour
 - Level 4.1 Shields


You had 5 spell levels left.
You didn't know any spells.
Your spell library contained the following spells:

 Spells                   Type           Power      Damage    Failure   Level
 Kiss of Death            Conj/Necr      0%         2d5       95%         1
 Sublimation of Blood     Necr           0%         N/A       99%         2
 Wereblood                Tmut           0%         N/A       99%         2
 Confusing Touch          Hex            0%         N/A       100%        3
 Tukima's Dance           Hex            0%         N/A       100%        3
 Dispel Undead            Necr           0%         3d6       100%        4
 Passage of Golubria      Tloc           0%         N/A       100%        4
 Yara's Violent Unravell  Hex/Tmut       0%         3d3       100%        5
 Summon Hydra             Summ           0%         N/A       100%        7


Dungeon Overview and Level Annotations

Branches:
Dungeon (6/15)
 Temple: D:4-7

Altars:
Fedhas
Sif Muna
Uskayaw
Vehumet


Message History

You struggle against the net.
The gnoll bouda barks out a call to the hunt!
The gnolls pick up the pace!
A hound comes into view.
The gnoll hits you from afar with a +1 halberd of protection!
You rip the net and break free!
The gnoll bouda barks out a call to the hunt!
The gnoll hits you from afar with a +1 halberd of protection.
You feel very mighty all of a sudden. The gnoll completely misses you.
You slice the gnoll!!
You kill the gnoll!
You hit the gnoll bouda. You slash the gnoll!
The gnoll hits you with a +0 flail. You block the gnoll bouda's attack.
The gnoll hits you from afar with a +1 halberd of protection.
The gnoll closely misses you. The gnoll barely misses you.
The gnoll bouda gazes fiercely through you!
You feel your attacks grow feeble.
The gnoll bouda hits you with a +0 whip of pain!
You writhe in agony.
The gnoll hits you with a +0 flail.
The gnoll hits you from afar with a +1 halberd of protection!
The gnoll bouda attacks as you move away!
You block the gnoll bouda's attack.
You feel protected. The gnoll bouda closely misses you.
The gnoll barely misses you.
You closely miss the gnoll bouda.
The gnoll bouda is moderately wounded.
The gnoll bouda barely misses you. The gnoll hits you but does no damage.
The gnoll bouda hits you with a +0 whip of pain!
* * * LOW HITPOINT WARNING * * *
The gnoll bouda attacks as you move away!
The gnoll bouda hits you but does no damage.
You writhe in agony.
* * * LOW HITPOINT WARNING * * *
Your attacks no longer feel as feeble.
The gnoll bouda attacks as you move away!
The gnoll bouda hits you with a +0 whip of pain!
* * * LOW HITPOINT WARNING * * *
You writhe in agony.
You die...

.....##.)###... ###..#
.........)..... #....#
.....###..<..... #....##
#... #........ #.....#
#...####.g...... #.....#
#..#........... #.....###
#<..##........
#.......#####...##........
#........@g####.#.†#####..
#....##.##.h.gg.)..#######
#....##.########...##.....
#######...# #......#'###+
###.####........≈≈≈.
#...##....<†######
###.##........#
#......##.######
######.##......#


You could see a gnoll bouda, a hound and 2 gnolls.

Vanquished Creatures
  A centaur (D:5)
  A howler monkey (D:5)
  A jelly (D:3)
  A hound (D:4)
  Terence (D:2)
  A gnoll (D:5)
  3 adders
  A white imp (D:5)
  An ufetubus (D:4)
  A dart slug (D:2)
  2 orcs
  3 ball pythons
  5 bats
  7 endoplasms
  4 giant cockroaches
  A goblin (D:1)
  9 hobgoblins
  8 kobolds
  4 quokkas
  3 frilled lizards
  2 rats
60 creatures vanquished.

Notes
Turn   | Place    | Note
-------+----------+-------------------------------------------
     0 | D:1      | InterDimensionalOwl the Hill Orc Fighter began the quest
                  | for the Orb.
     0 | D:1      | Reached XP level 1. HP: 19/19 MP: 1/1
   234 | D:1      | Reached XP level 2. HP: 27/27 MP: 2/2
  1050 | D:2      | Reached XP level 3. HP: 33/33 MP: 3/3
  1174 | D:2      | Noticed Terence
  1186 | D:2      | Killed Terence
  1249 | D:2      | Reached XP level 4. HP: 40/40 MP: 4/4
  1559 | D:2      | Identified a scroll of acquirement
  1609 | D:3      | Acquired the +4 consecrated labrys {holy, Valiant Fragile
                  | Fly SInv}
  1609 | D:3      | Found the +4 consecrated labrys {holy, Valiant Fragile Fly
                  | SInv}
  1615 | D:3      | Found a hide-covered altar of Uskayaw.
  1750 | D:3      | Found a faded altar of an unknown god.
  1951 | D:3      | Found a blossoming altar of Fedhas.
  2045 | D:3      | Found a radiant altar of Vehumet.
  2192 | D:3      | Reached XP level 5. HP: 44/47 MP: 5/5
  2734 | D:4      | Found a shimmering blue altar of Sif Muna.
  2835 | D:5      | Entered Level 5 of the Dungeon
  2835 | D:5      | Noticed a centaur
  2846 | D:5      | Killed a centaur
  2847 | D:5      | Reached skill level 5 in Fighting
  2847 | D:5      | Reached XP level 6. HP: 39/56 MP: 4/6
  2942 | D:5      | Reached skill level 5 in Axes
  3042 | D:5      | HP: 2/56 [gnoll bouda/+0 whip of pain (8)]
  3042 | D:5      | Slain by a gnoll bouda

Illustrated notes

Levels and vault maps discovered:
D:1:      nagdon_arrival_double_spiral, layout_basic, serial_forest,
          infiniplex_forest_end_1, infiniplex_forest_lined_ring,
          infiniplex_forest_lined_room_, infiniplex_forest_clump_C,
          minmay_misc_feat_doors
D:2:      layout_basic, minivault_14, uniq_terence
D:3:      wad_pebble_path, layout_basic, lemuel_tele_altar,
          nicolae_overflow_hidden_temple, basic_ecumenical_altar, st_stairs_5
D:4:      layout_cave_pools, led_sif_pool
D:5:      kennysheep_kobold_camp, layout_rooms, corexii_corridor_pit
D:6:      layout_cave_pools, mainiacjoe_overflow_24_doors,
          chequers_serial_rivers_small_a

Skill      XL: |  1  2  3  4  5  6 |
---------------+-------------------+-----
Axes           | 3 4 5 |  5.1
Fighting       | 4 5 |  5.5
Shields        | 4 |  4.1
Armour         | 4 |  4.9

Action                     |  1- 3 |  4- 6 || total
---------------------------+-------+-------++-------
  Melee: War axe           |    99 |    15 ||   114
         Labrys            |       |    76 ||    76
  Evoke: Wand              |       |     2 ||     2
    Use: Scroll            |     3 |     9 ||    12
         Potion            |     2 |     2 ||     4
 Armour: Scale mail        |    39 |    27 ||    66
         Chain mail        |       |    53 ||    53
  Dodge: Dodged            |    47 |    37 ||    84
  Block: Buckler           |    18 |    30 ||    48
